[Event "Titled Tuesday Blitz August 15 Late 2023"]
[White "Dardha, Daniel"]
[Black "Garakov, Mikhael"]
[WhiteFideId "240990"]
[BlackFideId "4169034"]
[WhiteElo "2914"]
[BlackElo "2552"]
[Result "1-0"]
[Round "4"]
[TimeControl "180+1"]
[Date "2023.08.15"]
[WhiteClock "0:00:11"]
[BlackClock "0:00:06"]
[Board "34"]

1. g4 h5 2. gxh5 Nf6 3. h6 gxh6 4. c4 c5 5. Nc3 Nc6 6. e3 d6 7. d4 Bg4 8. Be2 h5 9. Nf3 Qd7 10. dxc5 dxc5 11. Qxd7+ Nxd7 12. h3 Bxf3 13. Bxf3 Nde5 14. Be2 O-O-O 15. f4 Nd3+ 16. Bxd3 Rxd3 17. Ke2 Rd7 18. Rg1 e6 19. b3 Nb4 20. a3 Nd3 21. Bd2 Be7 22. f5 Rhd8 23. Ra2 exf5 24. Nd5 Ne5 25. Rf1 Rg8 26. Rxf5 f6 27. Nxe7+ Rxe7 28. Rxf6 Rg2+ 29. Rf2 Rg1 30. Bc3 Nc6 31. Rd2 b6 32. Rf3 Rg2+ 33. Kd3 Rg6 34. Kc2 Rge6 35. Rd3 Kb7 36. b4 cxb4 37. axb4 a5 38. bxa5 bxa5 39. Kb3 Ne5 40. Bxe5 Rxe5 41. Kc3 Kc6 42. Rf6+ R7e6 43. Rxe6+ Rxe6 44. Kd4 Rd6+ 45. Ke4 Re6+ 46. Kf5 Re8 47. e4 a4 48. e5 Kc5 49. e6 Kxc4 50. Rd7 a3 51. Kf6 Kb3 52. Kf7 Rb8 53. e7 a2 54. Ra7 Kb2 55. h4 a1=Q 56. Rxa1 Kxa1 57. e8=Q Rxe8 58. Kxe8 Kb2 59. Kf7 Kc3 60. Kg6 Kd4 61. Kxh5 Ke5 62. Kg6 Ke6 63. h5 Ke7 64. Kg7 1-0


[Site "https://www.chess.com"]

[Event "Titled Tuesday Blitz August 15 Late 2023"]
[White "Grigorjev, Iljya"]
[Black "Leenhouts, Koen"]
[WhiteFideId "24159565"]
[BlackFideId "1008439"]
[WhiteElo "2883"]
[BlackElo "2539"]
[Result "0-1"]
[Round "4"]
[TimeControl "180+1"]
[Date "2023.08.15"]
[WhiteClock "0:00:00"]
[BlackClock "0:00:17"]
[Board "35"]

1. e4 c5 2. Nf3 e6 3. d4 cxd4 4. Nxd4 Nc6 5. Nc3 Qc7 6. Be3 a6 7. Qf3 Nf6 8. O-O-O Ne5 9. Qg3 b5 10. Bf4 d6 11. Bxb5+ axb5 12. Ndxb5 Qa5 13. Rxd6 Nh5 14. Qg5 Nxf4 15. Qxe5 Ng6 16. Qc5 Bxd6 17. Qxd6 f6 18. Nc7+ Kf7 19. Nxa8 Qxa8 20. h4 h5 21. Qc7+ Ne7 22. Rd1 Qb7 23. Qg3 Qb6 24. e5 Rd8 25. Rxd8 Qxd8 26. exf6 gxf6 27. Qf3 Qa5 28. a4 Qe5 29. b3 Bb7 30. Qd3 Bxg2 31. Nb5 Nf5 32. Kb1 Be4 33. Qd7+ Kg6 34. Qe8+ Kg7 35. Qd7+ Kg6 36. Qe8+ Kg7 37. Qd7+ Kh6 38. a5 Qc5 39. Kb2 Qxc2+ 40. Ka3 Qc5+ 41. b4 Qc1+ 42. Kb3 Bc2+ 43. Kc3 Ba4+ 44. Kd3 Qd1+ 0-1


[Site "https://www.chess.com"]

[Event "Titled Tuesday Blitz August 15 Late 2023"]
[White "Ibarra Jerez, Jose Carlos"]
[Black "subham777"]
[WhiteFideId "2226332"]
[WhiteElo "2881"]
[BlackElo "2539"]
[Result "1-0"]
[Round "4"]
[TimeControl "180+1"]
[Date "2023.08.15"]
[WhiteClock "0:00:40"]
[BlackClock "0:00:00"]
[Board "36"]

1. e4 e6 2. d4 d5 3. Nc3 Nf6 4. Bg5 Be7 5. e5 Nfd7 6. Bxe7 Qxe7 7. Qg4 O-O 8. Bd3 c5 9. Nf3 f5 10. exf6 Nxf6 11. Qh4 h6 12. Ne5 Qe8 13. dxc5 Nc6 14. Ng6 Rf7 15. Nb5 Qd8 16. O-O e5 17. Nd6 Rc7 18. c3 Ne7 19. Nxe5 Rxc5 20. Nxc8 Raxc8 21. Rfe1 Qd6 22. Rad1 Rf8 23. Qg3 Nh5 24. Qe3 Nf4 25. Bc2 Nc6 26. Nd3 Rc4 27. Bb3 Nxd3 28. Rxd3 Rcf4 29. Rxd5 Qb8 30. Rd8+ 1-0


[Site "https://www.chess.com"]

[Event "Titled Tuesday Blitz August 15 Late 2023"]
[White "Kirk, Ezra"]
[Black "Zierk, Steven"]
[WhiteFideId "600067"]
[BlackFideId "2034255"]
[WhiteElo "2538"]
[BlackElo "2876"]
[Result "1-0"]
[Round "4"]
[TimeControl "180+1"]
[Date "2023.08.15"]
[WhiteClock "0:00:23"]
[BlackClock "0:00:01"]
[Board "37"]

1. e4 e6 2. d4 d5 3. e5 c5 4. c3 Nc6 5. Nf3 Nh6 6. Na3 cxd4 7. cxd4 Nf5 8. Nc2 Nb4 9. Be2 Nxc2+ 10. Qxc2 Bd7 11. O-O Rc8 12. Qd1 Be7 13. Bd2 O-O 14. Bd3 b5 15. a3 a5 16. Qe1 Ra8 17. g4 Nh4 18. Nxh4 Bxh4 19. Qe2 Qb6 20. Be3 Be7 21. f4 f6 22. f5 fxe5 23. dxe5 Bc5 24. Rae1 Rac8 25. f6 Bxe3+ 26. Qxe3 Qc5 27. Qxc5 Rxc5 28. g5 g6 29. h4 b4 30. axb4 axb4 31. Ra1 Bb5 32. Bxb5 Rxb5 33. Ra7 d4 34. Rg7+ Kh8 35. Rc1 1-0


[Site "https://www.chess.com"]

[Event "Titled Tuesday Blitz August 15 Late 2023"]
[White "Galchenko, Matvey"]
[Black "Remolar Gallen, Jose"]
[WhiteFideId "24175480"]
[BlackFideId "2215187"]
[WhiteElo "2863"]
[BlackElo "2536"]
[Result "1-0"]
[Round "4"]
[TimeControl "180+1"]
[Date "2023.08.15"]
[WhiteClock "0:00:46"]
[BlackClock "0:00:00"]
[Board "38"]

1. e4 c5 2. Nc3 d6 3. d4 cxd4 4. Qxd4 Nc6 5. Qd2 g6 6. b3 Bh6 7. f4 Nf6 8. Bb2 O-O 9. O-O-O e5 10. Nge2 Re8 11. Kb1 Bg4 12. g3 Nd4 13. Bg2 Nxe2 14. Nxe2 exf4 15. gxf4 Bxe2 16. Qxe2 Bxf4 17. Rhf1 Be5 18. Bc1 Qc7 19. Rd3 a5 20. Bg5 Nd7 21. h4 a4 22. h5 axb3 23. cxb3 Nc5 24. hxg6 hxg6 25. Rh3 Ne6 26. Bc1 Nd4 27. Qd2 Nb5 28. Bb2 Rec8 29. Rc1 Qe7 30. Bf1 Rxc1+ 31. Bxc1 Nd4 32. Qh6 b5 33. Qh7+ Kf8 34. Bh6+ Ke8 35. Qg8+ Kd7 36. Qxa8 1-0


[Site "https://www.chess.com"]

[Event "Titled Tuesday Blitz August 15 Late 2023"]
[White "Grinev, Valeriy"]
[Black "Salinas Herrera, Pablo"]
[WhiteFideId "14117517"]
[BlackFideId "3407128"]
[WhiteElo "2535"]
[BlackElo "2826"]
[Result "0-1"]
[Round "4"]
[TimeControl "180+1"]
[Date "2023.08.15"]
[WhiteClock "0:01:40"]
[BlackClock "0:02:02"]
[Board "39"]

1. e4 e6 2. d4 d5 3. e5 c5 4. c3 Qb6 5. Nf3 Nc6 6. Be2 Nh6 7. O-O cxd4 8. c4 dxc4 9. Bxc4 Nf5 10. a3 Be7 11. b4 O-O 12. Nbd2 Bd7 13. Ne4 Rac8 14. Qe2 Rfd8 15. Rd1 Be8 16. Bb2 Qc7 17. Rac1 Qb8 18. Ng3 Nh4 19. Nxd4 Nxd4 20. Bxd4 b5 21. Qg4 Rxc4 22. Rxc4 bxc4 23. Nh5 Ng6 24. Be3 Rxd1+ 25. Qxd1 Qxe5 26. Ng3 a5 27. bxa5 Qxa5 28. a4 Qxa4 29. Qxa4 Bxa4 30. h4 Nxh4 31. Ne4 Nf5 32. Bc5 Bxc5 33. Nxc5 c3 34. g4 c2 35. Nxa4 c1=Q+ 36. Kg2 Qc6+ 37. f3 Nd4 38. Nb2 Qxf3+ 39. Kh2 Ne2 0-1


[Site "https://www.chess.com"]

[Event "Titled Tuesday Blitz August 15 Late 2023"]
[White "Santos Flores, Alberto"]
[Black "Klukin, Kirill"]
[WhiteFideId "3601234"]
[BlackFideId "24199273"]
[WhiteElo "2534"]
[BlackElo "2821"]
[Result "0-1"]
[Round "4"]
[TimeControl "180+1"]
[Date "2023.08.15"]
[WhiteClock "0:00:11"]
[BlackClock "0:00:21"]
[Board "40"]

1. e4 c5 2. Nf3 Nc6 3. Nc3 g6 4. d4 cxd4 5. Nxd4 Bg7 6. Be3 Nf6 7. Bc4 O-O 8. Bb3 Re8 9. f3 e6 10. f4 e5 11. fxe5 Nxe5 12. O-O Neg4 13. Bg5 h6 14. Bxf6 Nxf6 15. Qf3 Qe7 16. Rad1 d6 17. Nd5 Nxd5 18. Bxd5 Be6 19. Bxe6 fxe6 20. c3 Be5 21. Qg4 Kg7 22. Nf3 Qf6 23. Nxe5 Qxe5 24. Qf4 Qc5+ 25. Qf2 Rad8 26. Qd4+ Qxd4+ 27. Rxd4 Rd7 28. c4 Red8 29. Rfd1 Kf6 30. c5 Ke7 31. cxd6+ Rxd6 32. Rxd6 Rxd6 33. Rxd6 Kxd6 34. Kf2 Kc5 35. Ke3 Kc4 36. h3 e5 37. g3 h5 38. g4 hxg4 39. hxg4 g5 40. Ke2 Kd4 41. Kf3 Kd3 0-1


[Site "https://www.chess.com"]

[Event "Titled Tuesday Blitz August 15 Late 2023"]
[White "Riehle, Marco"]
[Black "Nanu, Costica-Ciprian"]
[WhiteFideId "12904392"]
[BlackFideId "1204580"]
[WhiteElo "2792"]
[BlackElo "2527"]
[Result "0-1"]
[Round "4"]
[TimeControl "180+1"]
[Date "2023.08.15"]
[WhiteClock "0:00:00"]
[BlackClock "0:00:08"]
[Board "41"]

1. e4 c5 2. a3 e5 3. Bc4 Nf6 4. Nc3 Nc6 5. d3 Be7 6. f4 d6 7. Nf3 Bg4 8. h3 Bxf3 9. Qxf3 Nd4 10. Qf2 a6 11. O-O b5 12. Ba2 b4 13. axb4 cxb4 14. Nd5 Rc8 15. c3 bxc3 16. bxc3 Ne6 17. Nxf6+ Bxf6 18. f5 Nc5 19. Bc4 O-O 20. Qe2 Ra8 21. Kh2 a5 22. Bd5 Ra7 23. Be3 Qc7 24. Rfb1 h6 25. d4 exd4 26. cxd4 Nd7 27. Bf2 Re8 28. Rc1 Qd8 29. Kh1 Rc7 30. Qa2 Rxc1+ 31. Rxc1 Rf8 32. Rc6 Nb8 33. Rc2 Na6 34. Re2 Nb4 35. Qc4 Nxd5 36. Qxd5 Qa8 37. Qxd6 Rd8 38. Qc5 Qa6 39. Re1 a4 40. e5 Bg5 41. e6 a3 42. exf7+ Kxf7 43. Ra1 Bf6 44. Qxa3 Qxa3 45. Rxa3 Bxd4 46. Rd3 Bf6 47. Ra3 Rd2 48. Bg3 Bd4 49. Kh2 Rd1 50. Bf4 Kf6 51. Kg3 Kxf5 52. Ra5+ Kf6 53. Ra6+ Kf5 54. Ra5+ Kf6 55. Kf3 Rf1+ 56. Ke4 Bc3 57. Ra6+ Kf7 58. g4 Bf6 59. Kf5 g6+ 60. Ke4 g5 61. Ra7+ Kg6 62. Be3 Rb1 63. Ra6 Rb4+ 64. Kd3 Rb3+ 65. Ke2 Kg7 66. Kf2 Rb2+ 67. Kf3 Rb3 68. Ke4 Kf7 69. Ra7+ Kg6 70. Ra6 Kg7 71. Rc6 Rc3 72. Rxc3 Bxc3 73. Kf5 Bf6 74. Bc5 Kf7 75. Bd6 Bg7 0-1


[Site "https://www.chess.com"]

[Event "Titled Tuesday Blitz August 15 Late 2023"]
[White "Dragomirescu, Robin-Alexandru"]
[Black "Hambleton, Aman"]
[WhiteFideId "1213849"]
[BlackFideId "2606577"]
[WhiteElo "2526"]
[BlackElo "2784"]
[Result "1/2-1/2"]
[Round "4"]
[TimeControl "180+1"]
[Date "2023.08.15"]
[WhiteClock "0:00:03"]
[BlackClock "0:00:03"]
[Board "42"]

1. b3 e5 2. Bb2 Nc6 3. e3 Nf6 4. Nf3 d6 5. d4 e4 6. Nfd2 d5 7. c4 Ne7 8. cxd5 Nexd5 9. Nc3 Nxc3 10. Bxc3 Bf5 11. Bc4 Bd6 12. d5 a6 13. a4 Qe7 14. Qc2 O-O 15. h3 h5 16. Rd1 Rfe8 17. Nb1 Bg6 18. Bd4 Rad8 19. Nc3 h4 20. Ne2 Bb4+ 21. Bc3 Bd6 22. Qb2 Nh5 23. b4 Qg5 24. Kf1 Rd7 25. b5 Ra8 26. bxa6 bxa6 27. Qb7 Rdd8 28. Qc6 a5 29. Nd4 Be5 30. Nb5 Rab8 31. Bxe5 Qxe5 32. Qxc7 Qf6 33. Qa7 Ng3+ 34. Kg1 Nxh1 35. Kxh1 Qxf2 36. d6 Bf5 37. Qxf7+ Kh7 38. Rf1 Qxe3 39. Qxf5+ g6 40. Qf7+ Kh6 41. Qf4+ Qxf4 42. Rxf4 e3 43. Rxh4+ Kg5 44. Rg4+ Kf6 45. Kg1 Rbc8 46. Kf1 Rc5 47. Ke2 Re5 48. Rf4+ Kg7 49. Rf3 Rg5 50. g4 Re5 51. Rxe3 Kf6 52. Kd3 Rxe3+ 53. Kxe3 Ke5 54. h4 Rh8 55. d7 Rd8 56. Bd3 g5 57. hxg5 Rxd7 58. g6 Rd8 59. Bf5 Re8 60. Kd3 Rd8+ 61. Kc4 Kf6 62. Kc5 Rb8 63. Kc6 Kg7 64. Kc7 Re8 65. Kb6 Ra8 66. Na7 Kf6 67. Nc6 Re8 68. Nxa5 Re3 69. Nc6 Rb3+ 70. Kc7 Rc3 71. a5 Ra3 72. Kb6 Rb3+ 73. Ka7 Rc3 74. Kb7 Rb3+ 75. Kc7 Ra3 76. Be4 Ra4 77. Bd5 Ra1 78. Be4 Ra4 79. Kb7 Rxe4 80. a6 Rxg4 81. a7 Ra4 82. Ne5 Rb4+ 83. Kc8 Ra4 84. Kb8 Rb4+ 85. Kc7 Ra4 86. Kb8 Rb4+ 87. Kc8 Ra4 88. Nd7+ Kg7 89. Kb7 Rxa7+ 90. Kxa7 Kxg6 1/2-1/2


[Site "https://www.chess.com"]

[Event "Titled Tuesday Blitz August 15 Late 2023"]
[White "Tristan, Leonardo"]
[Black "Grebeniuk, Semen"]
[WhiteFideId "113816"]
[BlackFideId "14117509"]
[WhiteElo "2780"]
[BlackElo "2523"]
[Result "1-0"]
[Round "4"]
[TimeControl "180+1"]
[Date "2023.08.15"]
[WhiteClock "0:01:00"]
[BlackClock "0:00:10"]
[Board "43"]

1. d4 f5 2. Nf3 Nf6 3. g3 d6 4. Bg2 g6 5. O-O Bg7 6. Nbd2 O-O 7. Re1 Nc6 8. e4 fxe4 9. Nxe4 Nxe4 10. Rxe4 Bf5 11. Re1 e5 12. c3 exd4 13. Qb3+ Kh8 14. Bg5 Qd7 15. Nxd4 Nxd4 16. cxd4 Bxd4 17. Re7 Qc8 18. Bxb7 Qb8 19. Rd1 Bxf2+ 20. Kg2 c5 21. Qc3+ 1-0


[Site "https://www.chess.com"]

[Event "Titled Tuesday Blitz August 15 Late 2023"]
[White "Yurtseven, Melih"]
[Black "Yanchenko, Roman"]
[WhiteFideId "6312160"]
[BlackFideId "4137329"]
[WhiteElo "2526"]
[BlackElo "2780"]
[Result "0-1"]
[Round "4"]
[TimeControl "180+1"]
[Date "2023.08.15"]
[WhiteClock "0:00:26"]
[BlackClock "0:02:05"]
[Board "44"]

1. Nf3 d5 2. g3 Nf6 3. Bg2 Bf5 4. O-O e6 5. d3 Be7 6. Nc3 O-O 7. Nd2 Bg6 8. e4 c5 9. f4 Bh5 10. Qe1 Nc6 11. Nf3 Nd4 12. e5 Nxc2 13. Qf2 Nxa1 14. exf6 Bxf6 15. Ne5 Bg6 16. Qe2 Bxe5 17. fxe5 c4 18. dxc4 dxc4 19. Qxc4 Nc2 20. Bxb7 Qb6+ 21. Rf2 Qxb7 22. h4 Rac8 23. Qg4 h5 24. Qf4 Rfd8 25. Bd2 Qxb2 26. Ne4 Qd4 27. Nf6+ gxf6 28. Qxf6 Qxd2 29. Rxd2 Rxd2 30. g4 Ne3 0-1


[Site "https://www.chess.com"]

[Event "Titled Tuesday Blitz August 15 Late 2023"]
[White "Soderstrom, Adrian"]
[Black "Rustemov, Alexander"]
[WhiteFideId "1745786"]
[BlackFideId "4119002"]
[WhiteElo "2518"]
[BlackElo "2778"]
[Result "1-0"]
[Round "4"]
[TimeControl "180+1"]
[Date "2023.08.15"]
[WhiteClock "0:00:55"]
[BlackClock "0:00:09"]
[Board "45"]

1. h4 d5 2. d4 Nf6 3. Nc3 c5 4. e4 Nxe4 5. Nxe4 dxe4 6. d5 Nd7 7. Ne2 Nf6 8. Nc3 a6 9. a4 g6 10. h5 Nxh5 11. Rxh5 gxh5 12. Qxh5 Qd6 13. Nxe4 Qg6 14. Qh4 Bg7 15. d6 exd6 16. Bd3 Bf5 17. Nxd6+ Qxd6 18. Bxf5 Qe5+ 19. Be4 h6 20. Ra3 O-O 21. Bxh6 Rfe8 22. Re3 Bxh6 23. Qxh6 Qg7 24. Qh4 Kf8 25. Kf1 Re6 26. Rg3 Qf6 27. Qh7 Ke7 28. Rf3 Rh8 29. Rxf6 Rxh7 30. Rxe6+ Kxe6 31. Bxh7 f5 32. f4 Kf6 33. Bg8 b5 34. axb5 axb5 35. Bd5 Ke7 36. Ke2 Kd6 37. Bf7 b4 38. b3 Ke7 39. Bc4 Kd6 40. Kf3 Ke7 41. g4 fxg4+ 42. Kxg4 Kf6 43. f5 Ke7 44. Kf4 Kf8 45. Ke5 Ke7 46. f6+ Kf8 47. Kd6 Ke8 48. Kxc5 Kf8 49. Kxb4 Ke8 50. Kc5 Kf8 51. b4 Ke8 52. b5 Kd8 53. b6 Kd7 54. b7 Kc7 55. f7 Kxb7 56. f8=Q Kc7 57. Qe7+ Kc8 58. Be6+ Kb8 59. Qd8+ Ka7 60. Qb6+ Ka8 61. Bd5# 1-0


[Site "https://www.chess.com"]

[Event "Titled Tuesday Blitz August 15 Late 2023"]
[White "Troff, Kayden"]
[Black "Kashefi, Amir Hosein"]
[WhiteFideId "2047896"]
[BlackFideId "12557935"]
[WhiteElo "2776"]
[BlackElo "2522"]
[Result "0-1"]
[Round "4"]
[TimeControl "180+1"]
[Date "2023.08.15"]
[WhiteClock "0:00:06"]
[BlackClock "0:00:18"]
[Board "46"]

1. d4 Nf6 2. Nf3 e6 3. Bf4 b6 4. e3 Bb7 5. Nbd2 c5 6. Nc4 Be7 7. Nd6+ Bxd6 8. Bxd6 Ne4 9. Bg3 Nc6 10. c3 O-O 11. Bd3 f5 12. Bh4 Qe8 13. Bxe4 fxe4 14. Nd2 Qg6 15. Bg3 cxd4 16. cxd4 Ba6 17. a3 Bd3 18. Nb3 e5 19. d5 Ne7 20. Nc1 Bc4 21. d6 Nf5 22. b3 Ba6 23. Qd5+ Kh8 24. Ne2 Bd3 25. Ra2 Rac8 26. O-O Nxe3 27. fxe3 Rxf1+ 28. Kxf1 Rc1+ 29. Kf2 Qf5+ 30. Nf4 Rf1# 0-1


[Site "https://www.chess.com"]

[Event "Titled Tuesday Blitz August 15 Late 2023"]
[White "Bazeev, German"]
[Black "Berezin, Viktor"]
[WhiteFideId "24119350"]
[BlackFideId "14107872"]
[WhiteElo "2773"]
[BlackElo "2518"]
[Result "1-0"]
[Round "4"]
[TimeControl "180+1"]
[Date "2023.08.15"]
[WhiteClock "0:01:52"]
[BlackClock "0:00:00"]
[Board "47"]

1. c4 g6 2. Nc3 Bg7 3. d4 Nf6 4. Nf3 d6 5. Bg5 O-O 6. e3 c6 7. Be2 Nbd7 8. O-O e5 9. Rc1 h6 10. Bh4 Re8 11. d5 c5 12. Nd2 Nf8 13. e4 g5 14. Bg3 Ng6 15. Re1 Nf4 16. Nf1 Nxe2+ 17. Qxe2 h5 18. f3 h4 19. Bf2 Nh5 20. Ne3 Nf4 21. Qf1 Qf6 22. h3 a6 23. Ng4 Qg6 24. a4 Bd7 25. Ra1 Rab8 26. Ra3 b6 27. Rea1 Rb7 28. Nd1 Reb8 29. Nde3 Bf8 30. Kh2 Kh8 31. R3a2 Kg8 32. b3 Kh8 33. Rb1 Kg8 34. b4 Bg7 35. Rab2 Bc8 36. bxc5 bxc5 37. Rxb7 Rxb7 38. Rxb7 Bxb7 39. Nf5 Kf8 40. Qb1 1-0


[Site "https://www.chess.com"]

[Event "Titled Tuesday Blitz August 15 Late 2023"]
[White "Badmatsyrenov, Oleg"]
[Black "Koc, Przemyslaw"]
[WhiteFideId "24115762"]
[BlackFideId "1109081"]
[WhiteElo "2765"]
[BlackElo "2513"]
[Result "1-0"]
[Round "4"]
[TimeControl "180+1"]
[Date "2023.08.15"]
[WhiteClock "0:01:31"]
[BlackClock "0:00:24"]
[Board "48"]

1. e4 d6 2. d4 Nf6 3. Nc3 e5 4. Nf3 Nbd7 5. g4 Nxg4 6. Rg1 Ngf6 7. Bc4 h6 8. Be3 c6 9. dxe5 dxe5 10. Qd3 b5 11. Bb3 a5 12. a4 b4 13. Qc4 Qe7 14. Qxc6 Rb8 15. Nb5 Bb7 16. Qc7 Bxe4 17. O-O-O Rxb5 18. axb5 Bxf3 19. b6 g6 20. Ba4 Qd8 21. Qxe5+ Be7 22. Rxd7 Qxd7 23. Bxd7+ Kxd7 24. Bc5 Bxc5 25. Qxf6 1-0


[Site "https://www.chess.com"]

[Event "Titled Tuesday Blitz August 15 Late 2023"]
[White "Mickiewicz, Piotr"]
[Black "Morefield, Jason"]
[WhiteFideId "1114891"]
[BlackFideId "30920825"]
[WhiteElo "2511"]
[BlackElo "2753"]
[Result "1-0"]
[Round "4"]
[TimeControl "180+1"]
[Date "2023.08.15"]
[WhiteClock "0:00:15"]
[BlackClock "0:00:00"]
[Board "49"]

1. d4 Nf6 2. c4 g6 3. Nc3 Bg7 4. e4 O-O 5. Be2 d6 6. Bg5 c5 7. d5 b5 8. cxb5 a6 9. bxa6 Bxa6 10. Nf3 Qa5 11. O-O Nbd7 12. Nd2 Rfb8 13. Rb1 Bxe2 14. Qxe2 h6 15. Bh4 Qa6 16. Qxa6 Rxa6 17. Rfc1 Ne5 18. Rc2 Nd3 19. a3 g5 20. Bg3 Nd7 21. Nc4 Nb6 22. Ne3 Na4 23. Nxa4 Rxa4 24. Nf5 Rxe4 25. f3 Ra4 26. Nxe7+ Kh7 27. Bxd6 Bd4+ 28. Kf1 Rb3 29. Nf5 Bxb2 30. Bxc5 Nxc5 31. Rxc5 Bxa3 32. Rxb3 Bxc5 33. Rc3 Ra1+ 34. Ke2 Ra2+ 35. Kd3 Bg1 36. g4 Bxh2 37. Rc6 Bf4 38. Rxh6+ Kg8 39. Rc6 Rd2+ 40. Ke4 Re2+ 41. Kd4 Rd2+ 42. Kc4 Rf2 43. d6 Bxd6 44. Rxd6 Rxf3 45. Kd5 Rf4 46. Ke5 Kh7 47. Rh6+ Kg8 48. Ra6 Kh7 49. Rh6+ Kg8 50. Rh3 1-0


[Site "https://www.chess.com"]

[Event "Titled Tuesday Blitz August 15 Late 2023"]
[White "Ghazarian, Kirk"]
[Black "Arutla, Aditya"]
[WhiteFideId "30908604"]
[BlackFideId "30961998"]
[WhiteElo "2746"]
[BlackElo "2510"]
[Result "1-0"]
[Round "4"]
[TimeControl "180+1"]
[Date "2023.08.15"]
[WhiteClock "0:02:25"]
[BlackClock "0:02:00"]
[Board "50"]

1. e4 c5 2. b3 e6 3. Bb2 d5 4. exd5 exd5 5. g3 Nf6 6. Bg2 Bg4 7. Ne2 Nc6 8. O-O Be7 9. h3 Be6 10. d4 cxd4 11. Nxd4 O-O 12. Nxe6 fxe6 13. Nd2 Qd7 14. Qe2 Bd6 15. c4 d4 16. Ne4 Nxe4 17. Qxe4 e5 18. Rac1 Bc5 19. Qd5+ Qxd5 20. cxd5 Nb4 21. Rxc5 Nd3 22. Rc2 Nb4 23. Rc7 Nd3 24. Ba3 Rfc8 25. d6 1-0


[Site "https://www.chess.com"]

[Event "Titled Tuesday Blitz August 15 Late 2023"]
[White "Hristodoulou, Panagiotis"]
[Black "Boruchovsky, Avital"]
[WhiteFideId "4214340"]
[BlackFideId "2800055"]
[WhiteElo "2507"]
[BlackElo "2739"]
[Result "0-1"]
[Round "4"]
[TimeControl "180+1"]
[Date "2023.08.15"]
[WhiteClock "0:00:33"]
[BlackClock "0:01:33"]
[Board "51"]

1. d4 c5 2. d5 g6 3. e4 Bg7 4. Nf3 d6 5. h3 Nf6 6. Nc3 O-O 7. a4 Na6 8. Be2 Nb4 9. O-O a6 10. Bf4 Nd7 11. Nd2 f5 12. exf5 Rxf5 13. Bh2 Bxc3 14. bxc3 Nxd5 15. Ne4 N7f6 16. Bc4 Kg7 17. g4 Nxe4 18. gxf5 Ndxc3 19. Qf3 Bxf5 20. Ra3 Qa5 21. Rb3 b5 22. axb5 axb5 23. Bd3 Nd2 24. Qe2 Nxe2+ 0-1


[Site "https://www.chess.com"]

[Event "Titled Tuesday Blitz August 15 Late 2023"]
[White "Jaracz, Pawel"]
[Black "Jovic, Stanoje"]
[WhiteFideId "1102222"]
[BlackFideId "905020"]
[WhiteElo "2727"]
[BlackElo "2489"]
[Result "1-0"]
[Round "4"]
[TimeControl "180+1"]
[Date "2023.08.15"]
[WhiteClock "0:00:28"]
[BlackClock "0:00:00"]
[Board "52"]

1. e4 c6 2. d4 d5 3. e5 c5 4. dxc5 e6 5. a3 Bxc5 6. Qg4 Ne7 7. b4 Bb6 8. Bb2 O-O 9. Nf3 Nbc6 10. Bd3 Nf5 11. O-O Bd7 12. Nbd2 a5 13. b5 Nce7 14. c4 Rc8 15. Rad1 Qc7 16. Qh5 a4 17. g4 Nh6 18. Rc1 Qb8 19. Bd4 Ba5 20. c5 Ng6 21. Qg5 Bd8 22. Qe3 Nxg4 23. Qe2 Nf4 24. Bxh7+ Kxh7 25. Ng5+ Bxg5 26. Qxg4 Bh6 27. c6 bxc6 28. b6 f6 29. Rfe1 Nd3 30. Rc3 Nxe1 31. Rg3 f5 32. Qg6+ Kh8 33. Rh3 Be8 34. Rxh6+ gxh6 35. Qxh6+ Kg8 36. Qg5+ Kh7 37. Qh4+ Kg7 38. Qe7+ Bf7 39. Qf6+ Kh7 40. Qh4+ Kg6 41. Qf6+ Kh5 42. Kf1 Qb7 43. Kxe1 Rg8 44. Nf3 Rg4 45. Be3 f4 46. Bxf4 Bg6 47. h3 1-0


[Site "https://www.chess.com"]

[Event "Titled Tuesday Blitz August 15 Late 2023"]
[White "Avila Rodriguez, Joshua Ad"]
[Black "carokannlover213"]
[WhiteFideId "5126444"]
[WhiteElo "2496"]
[BlackElo "2722"]
[Result "1-0"]
[Round "4"]
[TimeControl "180+1"]
[Date "2023.08.15"]
[WhiteClock "0:00:03"]
[BlackClock "0:00:00"]
[Board "53"]

1. d4 Nf6 2. c4 g6 3. Nc3 Bg7 4. e4 d6 5. Be2 O-O 6. Be3 c5 7. d5 e6 8. Nf3 exd5 9. cxd5 b5 10. e5 Ng4 11. Bg5 Qa5 12. O-O Nxe5 13. Nxb5 Nxf3+ 14. gxf3 Bh3 15. Re1 Nd7 16. Nxd6 Ne5 17. f4 Nd7 18. Nc4 Qb4 19. a3 Qb8 20. Bg4 Bxg4 21. Qxg4 Nb6 22. Nxb6 Qxb6 23. Be7 Rfb8 24. d6 Qxb2 25. d7 Bd4 26. Qf3 Qc2 27. Rac1 Qf5 28. d8=Q+ Rxd8 29. Bxd8 Rxd8 30. Re2 Kg7 31. Rce1 Rb8 32. Kg2 h5 33. h3 Qf6 34. Re7 Rb2 35. R1e2 Rb1 36. Qe4 a5 37. Qf3 Ra1 38. Rd7 Bb2 39. Ree7 Qc3 40. Rxf7+ Kg8 41. Rg7+ 1-0


[Site "https://www.chess.com"]

[Event "Titled Tuesday Blitz August 15 Late 2023"]
[White "MFatigue"]
[Black "Lamaze, Simon"]
[BlackFideId "36069264"]
[WhiteElo "2492"]
[BlackElo "2721"]
[Result "0-1"]
[Round "4"]
[TimeControl "180+1"]
[Date "2023.08.15"]
[WhiteClock "0:00:01"]
[BlackClock "0:00:20"]
[Board "54"]

1. e4 c6 2. Bc4 d5 3. Bb3 dxe4 4. Qh5 g6 5. Qh4 Nf6 6. Nc3 Bg7 7. Nxe4 Nxe4 8. Qxe4 O-O 9. Nf3 Nd7 10. d4 c5 11. dxc5 Nxc5 12. Qe2 Nxb3 13. axb3 Bf5 14. O-O Qc7 15. c3 e5 16. Be3 b6 17. h3 f6 18. Rfd1 Be6 19. c4 Rf7 20. Bd2 Bd7 21. Bc3 Bc6 22. Rd2 Re8 23. Rad1 h6 24. Nh4 Kh7 25. Qg4 g5 26. Qf5+ Kg8 27. Ng6 Qb7 28. Rd8 Qc7 29. Rxe8+ Bxe8 30. Qe6 Bc6 31. Ne7+ Qxe7 32. Qxc6 Bf8 33. Qc8 Kg7 34. Rd8 Qc5 35. b4 Qxc8 36. Rxc8 Kg6 37. Kf1 e4 38. Ke2 f5 39. Ke3 h5 40. Rc6+ Kh7 41. c5 bxc5 42. bxc5 g4 43. hxg4 hxg4 44. b4 Bh6+ 45. Kd4 g3 46. fxg3 Rd7+ 47. Rd6 Re7 48. c6 Bg7+ 49. Kc4 Bxc3 50. Rd7 Rxd7 51. cxd7 Bf6 52. g4 fxg4 53. d8=Q Bxd8 54. Kd4 Bb6+ 55. Kxe4 Kg6 56. Kf4 Kh5 57. g3 Bc7+ 0-1


[Site "https://www.chess.com"]

[Event "Titled Tuesday Blitz August 15 Late 2023"]
[White "Barp, Alberto"]
[Black "Nathan, Nitish"]
[WhiteFideId "872555"]
[BlackFideId "30927870"]
[WhiteElo "2713"]
[BlackElo "2466"]
[Result "1/2-1/2"]
[Round "4"]
[TimeControl "180+1"]
[Date "2023.08.15"]
[WhiteClock "0:00:19"]
[BlackClock "0:00:17"]
[Board "55"]

1. d4 d5 2. c4 c6 3. Nf3 Nf6 4. Nc3 dxc4 5. a4 Bf5 6. Nh4 Bg4 7. h3 Bh5 8. g4 Bg6 9. g5 Nd5 10. Nxg6 hxg6 11. e4 Nxc3 12. bxc3 b5 13. Bg2 e6 14. axb5 cxb5 15. e5 Nd7 16. Qf3 Rb8 17. Rxa7 Be7 18. h4 b4 19. cxb4 Bxb4+ 20. Kf1 Qb6 21. Ra2 Qxd4 22. Bf4 Nxe5 23. Bxe5 Qxe5 24. Qc6+ Kf8 25. Bf3 Qd6 26. Qxc4 Qc5 27. Qd3 Ke7 28. Rc2 Qd6 29. Qc4 Rhd8 30. Kg2 Kf8 31. h5 Qe5 32. Qh4 gxh5 33. Qxh5 g6 34. Qh6+ Ke7 35. Rhc1 Bd6 36. Ra2 Rd7 37. Re2 Qd4 38. Re4 Qb2 39. Rd1 Rh8 40. Re2 1/2-1/2


[Site "https://www.chess.com"]

[Event "Titled Tuesday Blitz August 15 Late 2023"]
[White "Hua, Lefong"]
[Black "Farmani Anosheh, Armin"]
[WhiteFideId "2602253"]
[BlackFideId "24613240"]
[WhiteElo "2704"]
[BlackElo "2464"]
[Result "1-0"]
[Round "4"]
[TimeControl "180+1"]
[Date "2023.08.15"]
[WhiteClock "0:01:32"]
[BlackClock "0:00:00"]
[Board "56"]

1. d4 Nf6 2. c4 e6 3. Nc3 Bb4 4. f3 c5 5. a3 Bxc3+ 6. bxc3 Qa5 7. Bd2 Nc6 8. e4 d6 9. Ne2 e5 10. d5 Ne7 11. Ng3 h5 12. Bd3 h4 13. Ne2 Ng6 14. O-O Nh5 15. Rb1 Qd8 16. Bc2 Qf6 17. Ba4+ Kd8 18. Qc1 Nhf4 19. Nxf4 exf4 20. Rf2 h3 21. g4 Kc7 22. Kf1 Qg5 23. Ke1 Rh4 24. Kd1 Qe5 25. Kc2 f6 26. Re2 Rb8 27. Bb5 Ra8 28. Ba4 Rb8 29. Rb2 b6 30. Qg1 Nf8 31. Qc1 g5 32. Be1 Ng6 33. Bxh4 Nxh4 34. Qf1 1-0


[Site "https://www.chess.com"]